 Dungeon Crawl Stone Soup version 0.31-a0-496-g6f97920a28 (webtiles) character file.

Game seed: 14011410602092640186

708 pokeman the Thaumaturge (level 7, -8/38 HPs)
             Began as a Deep Elf Hedge Wizard on Aug 9, 2023.
             Was an Initiate of Vehumet.
             Splashed by a jelly's acid (9 damage)
             ... on level 5 of the Dungeon.
             The game lasted 00:09:13 (4017 turns).

pokeman the Thaumaturge (Deep Elf Hedge Wizard)     Turns: 4017, Time: 00:09:14

Health: -8/38      AC: -1    Str:  7    XL:     7   Next: 40%
Magic:  5/20       EV: 13    Int: 27    God:    Vehumet [......]
Gold:   258        SH:  0    Dex: 14    Spells: 14/22 levels left

rFire   . . .        f - +1 whip (venom)
rCold   + . .        (no shield)
rNeg    . . .        s - +0 robe of Cowardice {rC+}
rPois   .            c - +0 hat
rElec   .            (no cloak)
rCorr   .            (no gloves)
SInv    .            (no boots)
Will    .....        o - amulet of the acrobat
Stlth   ++           k - +6 ring of intelligence
HPRegen 0.26/turn    (no ring)
MPRegen 0.17/turn

%: acrobat
@: corroded
A: no striking features
a: Renounce Religion


You were on level 5 of the Dungeon.
You worshipped Vehumet.
Vehumet was noncommittal.
You visited 2 branches of the dungeon, and saw 6 of its levels.

You collected 258 gold pieces.

Inventory:

Hand Weapons
 f - a +1 whip of venom (weapon)
Missiles
 b - 2 throwing nets
Armour
 c - a +0 hat (worn)
 s - the +0 robe of Cowardice (worn) {rC+}
   (You found it on level 3 of the Dungeon)

   rC:        It protects you from cold.
Jewellery
 k - a +6 ring of intelligence (left hand)
 o - an amulet of the acrobat (around neck)
Wands
 v - a wand of polymorph (5)
Scrolls
 a - 2 scrolls of teleportation {unknown}
 e - a scroll of summoning {unknown}
 g - a scroll of enchant armour {unknown}
 j - 4 scrolls of identify {unknown}
 l - a scroll of immolation {unknown}
 q - a scroll of noise {unknown}
 r - a scroll of blinking {unknown}
 t - a scroll of fog {unknown}
 x - a scroll of acquirement {unknown}
 y - a scroll of silence {unknown}
 B - a scroll of brand weapon {unknown}
Potions
 d - 2 potions of magic
 h - 2 potions of curing {unknown}
 i - a potion of resistance {unknown}
 m - a potion of might {unknown}
 n - a potion of enlightenment {unknown}
 p - a potion of brilliance {unknown}
 u - 2 potions of ambrosia {unknown}
 w - a potion of degeneration {unknown}
 z - 3 potions of heal wounds {unknown}
 A - 2 potions of haste {unknown}


   Skills:
 + Level 1.4 Fighting
 - Level 1.0 Armour
 - Level 3.1 Dodging
 - Level 3.2 Stealth
 * Level 8.2 Spellcasting
 + Level 4.0 Conjurations
 - Level 1.1 Summonings
 - Level 1.1 Translocations
 - Level 2.0 Air Magic
 - Level 2.0 Poison Magic
 - Level 1.1 Evocations


You had 14 spell levels left.
You knew the following spells:

 Your Spells              Type           Power      Damage    Failure   Level
a - Magic Dart            Conj           100%       1d8       1%          1
b - Mephitic Cloud        Conj/Pois/Air  25%        N/A       4%          3
c - Call Imp              Summ           34%        N/A       4%          2
d - Blink                 Tloc           34%        N/A       4%          2

Your spell library contained the following spells:

 Spells                   Type           Power      Damage    Failure   Level
 Cigotuvi's Dreadful Rot  Necr/Pois/Air  36%        N/A       4%          2
 Lesser Beckoning         Tloc           34%        N/A       4%          2
 Slow                     Hex            44%        N/A       5%          1
 Gell's Gravitas          Tloc           17%        N/A       10%         3
 Teleport Other           Tloc           17%        N/A       10%         3


Dungeon Overview and Level Annotations

Branches:
Dungeon (5/15)             Temple (1/1) D:4

Altars:
Ashenzari
Cheibriados
Dithmenos
Elyvilon
Fedhas
Kikubaaqudgha
Nemelex Xobeh
Qazlal
Ru
Trog
Uskayaw
Vehumet
The Shining One

Shops:
D:2 (   D:3 =   D:5 [

Annotations:
D:3 1 runed translucent door, superbruh's ghost, amateur DsSh


Message History

The ice beast hits you. The ice beast freezes you. You resist.
Your cerulean imp hits the ice beast from afar with a -3 spear.
Unknown command.
Casting: Magic Dart (safe; 1% risk of failure)
Confirm with . or Enter, or press ? or * to list all spells.
Aiming: Magic Dart (safe; 1% risk of failure)
Press: ? - help, Shift-Dir - straight line, f/p - ice beast
Aim: an ice beast (severely wounded, not watching you, very poisoned, ally target, 100% to hit)
The magic dart hits the ice beast.
The ice beast is almost dead.
The ice beast misses you.
Your cerulean imp hits the ice beast but does no damage.
Casting: Magic Dart (safe; 1% risk of failure)
Confirm with . or Enter, or press ? or * to list all spells.
Aiming: Magic Dart (safe; 1% risk of failure)
Press: ? - help, Shift-Dir - straight line, f/p - ice beast
Aim: an ice beast (almost dead, not watching you, very poisoned, ally target, 100% to hit)
The magic dart hits the ice beast.
You kill the ice beast!
Vehumet accepts your kill.
Your cerulean imp hits the jelly but does no damage.
Your Spellcasting skill increases to level 8!
Your Conjurations skill increases to level 4!
Unknown command.
The jelly attacks as you move away! The jelly hits you but does no damage.
Casting: Magic Dart (safe; 1% risk of failure)
Confirm with . or Enter, or press ? or * to list all spells.
A tiny devil pulls itself out of the air.
Your cerulean imp disappears in a puff of smoke!
The jelly hits you but does no damage.
You hit the jelly.
The jelly is poisoned.
Your hands burn!
The jelly is moderately wounded.
The jelly hits you.
* * * LOW HITPOINT WARNING * * *
The acid corrodes you!
You are splashed with acid!
* * * LOW HITPOINT WARNING * * *
The jelly hits you.
* * * LOW HITPOINT WARNING * * *
You are splashed with acid!
You die...

##### # #.#.#
#.##..5######
#......@JW§.##
#.#.##.##.#5#..##
#......##.#.##..#
....###..###W###.#
## #<...+..∩..'.#
#.######.##### #..
#.#.# .... #.#'#
.#.#..#...#


You could see a phantom, a jelly (very poisoned, ally target), a white imp and a
friendly cerulean imp (summoned).

Vanquished Creatures
  An ice beast (D:5)
  An orc warrior (D:4)
  A sky beast (D:3)
  A scorpion (D:4)
  3 orc priests
  A jelly (D:4)
  An iguana (D:4)
  2 orc wizards
  3 gnolls (D:3)
  5 adders
  5 worms
  3 dart slugs
  5 orcs
  7 ball pythons
  3 bats
  8 endoplasms
  2 giant cockroaches
  5 goblins
  7 hobgoblins
  3 jackals (D:3)
  7 kobolds
  3 quokkas
  5 frilled lizards
  9 rats
91 creatures vanquished.

Vanquished Creatures (collateral kills)
  A gnoll (D:5)
1 creature vanquished.

Grand Total: 92 creatures vanquished

Notes
Turn   | Place    | Note
-------+----------+-------------------------------------------
     0 | D:1      | pokeman the Deep Elf Hedge Wizard began the quest for the
                  | Orb.
     0 | D:1      | Reached XP level 1. HP: 10/10 MP: 7/7
   238 | D:1      | Reached XP level 2. HP: 16/16 MP: 6/9
   671 | D:1      | Reached skill level 5 in Spellcasting
   974 | D:2      | Reached XP level 3. HP: 20/20 MP: 11/11
   978 | D:2      | Learned a level 3 spell: Mephitic Cloud
   981 | D:2      | Learned a level 2 spell: Blink
   984 | D:2      | Learned a level 2 spell: Call Imp
  1149 | D:2      | Reached skill level 1 in Fighting
  1149 | D:2      | Reached skill level 1 in Armour
  1149 | D:2      | Found Taval's Weapon Boutique.
  1742 | D:3      | Reached XP level 4. HP: 22/25 MP: 13/13
  1800 | D:3      | Found a stormy altar of Qazlal.
  1802 | D:3      | Noticed a sky beast
  1827 | D:3      | Killed a sky beast
  1828 | D:3      | Reached skill level 6 in Spellcasting
  1828 | D:3      | Reached XP level 5. HP: 23/29 MP: 8/15
  2094 | D:3      | Identified the +0 robe of Cowardice {rC+}
  2130 | D:3      | Reached skill level 1 in Poison Magic
  2152 | D:3      | Reached XP level 6. HP: 29/34 MP: 12/17
  2192 | D:3      | Reached skill level 1 in Air Magic
  2220 | D:3      | Found Huross's Jewellery Emporium.
  2269 | D:3      | Noticed superbruh's ghost (amateur DsSh)
  2273 | D:3      | Found a runed translucent door.
  2641 | D:3      | Found a white marble altar of Elyvilon.
  2641 | D:3      | Found a shadowy altar of Dithmenos.
  2641 | D:3      | Found a bloodstained altar of Trog.
  2751 | D:4      | Reached skill level 7 in Spellcasting
  3368 | D:4      | Noticed an orc warrior
  3392 | D:4      | HP: 1/34 [orc warrior/+0 halberd (15)]
  3402 | D:4      | Killed an orc warrior
  3403 | D:4      | Reached skill level 1 in Evocations
  3403 | D:4      | Reached XP level 7. HP: 4/38 MP: 8/20
  3602 | D:4      | Found a staircase to the Ecumenical Temple.
  3611 | Temple   | Entered the Ecumenical Temple
  3621 | Temple   | Became a worshipper of Vehumet
  3714 | D:4      | Found a sacrificial altar of Ru.
  3940 | D:5      | Entered Level 5 of the Dungeon
  3955 | D:5      | Found Wegruidio's Antique Armour Shop.
  4015 | D:5      | Reached skill level 8 in Spellcasting
  4017 | D:5      | HP: 1/38 [jelly (1)]
  4017 | D:5      | Splashed by a jelly's acid

Illustrated notes

Levels and vault maps discovered:
D:1:      wheals_arrival_shading, layout_rooms, supply_closet_lemuel,
          skrybe_limestone_x
D:2:      layout_basic, serial_shops, nicolae_shop_tiny_glass, minmay_tromino_i2
D:3:      layout_basic, nicolae_qazlal_beasts_of_the_sky,
          gammafunk_temple_overflow_claw, hellmonk_ghost_happy_afterlife,
          serial_shops, shop
D:4:      layout_basic, hangedman_ru_absence, minmay_temple_entry_ruins,
          kennysheep_nub, nicolae_letterblocks [nicolae_letter_subblock,
          nicolae_letter_subblock, nicolae_letter_subblock,
          nicolae_letter_subblock, nicolae_letter_subblock,
          nicolae_letter_subblock, nicolae_letter_subblock,
          nicolae_letter_subblock, nicolae_letter_subblock,
          nicolae_letter_subblock, nicolae_letter_subblock,
          nicolae_letter_subblock, nicolae_letter_subblock,
          nicolae_letter_subblock, nicolae_letter_subblock,
          nicolae_letter_subblock, nicolae_letter_subblock,
          nicolae_letter_subblock, nicolae_letter_subblock,
          nicolae_letter_subblock, nicolae_letter_subblock,
          nicolae_letter_subblock, nicolae_letter_subblock,
          nicolae_letter_subblock, nicolae_letter_subblock]
D:5:      layout_basic, yredelemnul_forgotten_temple_becter, serial_shops,
          nicolae_shop_hallway_plus, st_stairs_13, serial_bayou_lagoon_a
Temple:   hellmonk_temple_of_storms

Skill      XL: |  1  2  3  4  5  6  7 |
---------------+----------------------+-----
Spellcasting   | 5 6 7 8 |  8.2
Fighting       | 1 |  1.4
Armour         | 1 |  1.0
Conjurations   | 2 3 4 |  4.0
Dodging        | 3 |  3.1
Stealth        | 3 |  3.2
Poison Magic   | 1 2 |  2.0
Air Magic      | 2 |  2.0
Evocations     | 1 |  1.1
Summonings     | |  1.1
Translocations | |  1.1

Action                     |  1- 3 |  4- 6 |  7- 9 || total
---------------------------+-------+-------+-------++-------
  Melee: Dagger            |     1 |       |       ||     1
         Whip              |    10 |   104 |    15 ||   129
         Punch             |     1 |       |       ||     1
   Cast: Magic Dart        |    83 |    47 |    22 ||   152
         Mephitic Cloud    |     1 |    15 |     3 ||    19
         Call Imp          |       |     3 |     4 ||     7
   Stab: Sleeping          |     3 |       |       ||     3
         Confused          |     1 |    11 |     1 ||    13
         Distracted        |       |       |     1 ||     1
 Armour: Robe              |     1 |    11 |     2 ||    14
  Dodge: Dodged            |     5 |    67 |     8 ||    80

Table legend: (Time is in decaauts)
 A = Elapsed time spent in this place.
 B = Non-inter-level travel time spent in this place.
 C = Inter-level travel time spent in this place.
 D = Time resting spent in this place.
 E = Time spent auto-exploring this place.
 F = Levels seen in this place.
 G = Mean time per level.
                   A        B        C        D        E       F      G
               +--------+--------+--------+--------+--------+-----+--------+
         Total |   4030 |   3943 |     87 |    137 |   3126 |   6 |  671.7 |
       Dungeon |   4011 |   3932 |     79 |    137 |   3126 |   5 |  802.2 |
        Temple |     19 |     11 |      8 |      0 |      0 |   1 |   19.0 |
               +--------+--------+--------+--------+--------+-----+--------+

Top non-repeatable levels by time:
     D:4: 1197 daAuts
     D:1: 971 daAuts
     D:3: 893 daAuts
     D:2: 871 daAuts
     D:5: 77 daAuts
  Temple: 19 daAuts
